Workbook

Sheet RESUMEN
A1: CUADRO RESUMEN
A3: DESCRIPCIÓN | B3: VALORES
A4: AUTOMOVILES Y MOTOCICLETAS (VALOR CHASIS FASECOLDA) | B4: =+'AUTOMOVILES Y MOTOS'!P32 -> 4978400000
A5: MAQUINARIA VEHÍCULOS (VALOR INVENTARIO - VALOR FASECOLDA) | B5: =+'MAQUINARIA SOBRE CHASIS'!P19 -> 17010579345
A6: INDICE VARIABLE MAQUINARIA EN VEHÍCULOS (5%) | B6: =+B5*5% -> 8.5052897e+08
A7: INMUEBLES | B7: =+INMUEBLES!G15 -> 6611173246
A8: INDICE VARIABLE EDIFICIOS (5%) | B8: =+B7*5% -> 3.3055866e+08
A9: EQUIPO ELECTRICO Y ELECTRONICO | B9: =+'EQUIPO ELECTRICO Y ELECTRONICO'!E212 -> 1.3746777e+09
A10: DRONES EN VUELO Y BODEGA | B10: =+'DRONES EN VUELO Y BODEGA'!E8 -> 26358500 | E10: 29916889790 | F10: Activos - Bienes Devolutivos 20
A11: CASCO BARCO (BOTE Y MOTOR) | B11: =+'BOTE Y MOTOR'!E5 -> 43277666 | E11: 15540000 | F11: Bienes Sin Regsitro
A12: MAQUINARIA Y EQUIPO PORTATIL | B12: =+'MAQUINARIA Y EQUIPO PORTATIL'!E1042 -> 6.6064174e+09 | E12: 193982656 | F12: Consumo Controlado 2025
A13: INDICE VARIABLE MAQUINARIA Y EQUIPO (5%) | B13: =+B12*5% -> 3.3032087e+08
A14: EQUIPO MOVIL Y PORTATIL | B14: =+'EQUIPO MOVIL Y PORTATIL'!E90 -> 2.9496862e+08
A15: SOFTWARE Y LICENCIAS | B15: =+'SOFTWARE Y LICENCIAS'!E61 -> 5.0565881e+08 | E15: =SUM(E10:E12) -> 30126412446 | F15: Total
A16: MUEBLES Y ENSERES | B16: =+'MUEBLES Y ENSERES'!E533 -> 1.0994709e+09
A17: BIENES BAJO TENENCIA CUIDADO Y CONTROL | B17: =+'BIENES TENENCIA CUIDADO CONTROL'!G16 -> 23540000
A18: BIENES EN DESUSO | B18: =+'BIENES EN DES - USO'!E86 -> 3.4007657e+08
A19: CONSUMO CONTROLADO | B19: =+'CONSUMO CONTROLADO'!D2352 -> 5065000000
A20: TOTAL | B20: =SUM(B4:B19) -> 4.5491007e+10
A22: ES IMPORTANTE ACLARAR QUE EL INVENTARIO PODRÁ SER AJUSTADO DE ACUERDO A LAS POLÍTICAS DE SUSCRIPCIÓN DE LAS COMPAÑIAS DE SEGUROS INTERESADAS EN EL PROCESO, SIEMPRE QUE TODOS LOS ELEMENTOS DEL INVENTARIO QUEDEN ASEGURADOS. ESTA NOTA APLICA PARA TODOS LOS ELEMENTOS DEL INVENTRARIO; ESTE INVENTARIO ES DE REFERENCIA YA QUE LOS ELEMENTOS DEBEN ASEGURARSE EN VALORES GLOBALES.

Sheet AUTOMOVILES Y MOTOS
A1: RELACION DE VEHICULOS Y MOTOS
A2: No. | B2: TIPO DE VEHÍCULO | C2: TIPO DE CARROCERIA | D2: MARCA | E2: FECHA MATRICULA | F2: AÑO | G2: PLACA | H2: No. MOTOR | I2: No. CHASIS | J2: No. INTERNO | K2: PROPIO / TERCERO / CONTRATADO | L2: TIPO DE SERVICIO | M2: ESTADO | N2: CODIGO FASECOLDA | O2: VALOR INVENTARIO DE REFERENCIA | P2: VALOR FASECOLDA
A3: 1 | B3: MOTOCICLETA | C3: MOTOCICLETA | D3: YAMAHA XTZ250 | E3: 11/11/2011 | F3: 2012 | G3: AIU51C | H3: G391E001600 | I3: 9FKKG0411C2001600 | J3: N/A | K3: PROPIO | L3: OFICIAL | M3: SERVICIO | N3: 9817137 | O3: 14500000 | P3: 9800000
A4: 2 | B4: MOTOCICLETA | C4: MOTOCICLETA | D4: YAMAHA XTZ250 | E4: 11/11/2011 | F4: 2012 | G4: AIU52C | H4: G391E001598 | I4: 9FKKG0417C2001598 | J4: N/A | K4: PROPIO | L4: OFICIAL | M4: SERVICIO | N4: 9817137 | O4: 14500000 | P4: 9800000
A5: 3 | B5: MOTOCICLETA | C5: MOTOCICLETA | D5: YAMAHA XTZ250 | E5: 11/11/2011 | F5: 2012 | G5: AIU53C | H5: G391E001590 | I5: 9FKKG0412C2001590 | J5: N/A | K5: PROPIO | L5: OFICIAL | M5: SERVICIO | N5: 9817137 | O5: 14500000 | P5: 9800000
A6: 4 | B6: MOTOCICLETA | C6: MOTOCICLETA | D6: YAMAHA XTZ250 | E6: 11/11/2011 | F6: 2012 | G6: AIU54C | H6: G391E001587 | I6: 9FKKG0412C2001587 | J6: N/A | K6: PROPIO | L6: OFICIAL | M6: SERVICIO | N6: 9817137 | O6: 14500000 | P6: 9800000
A7: 5 | B7: MOTOCICLETA | C7: MOTOCICLETA | D7: YAMAHA XTZ250 | E7: 11/11/2011 | F7: 2012 | G7: AIU55C | H7: G391E001586 | I7: 9FKKG0410C2001586 | J7: N/A | K7: PROPIO | L7: OFICIAL | M7: SERVICIO | N7: 9817137 | O7: 14500000 | P7: 9800000
A8: 6 | B8: MOTOCICLETA | C8: MOTOCICLETA | D8: YAMAHA XTZ250 | E8: 11/11/2011 | F8: 2012 | G8: AIU57C | H8: G391E001585 | I8: 9FKKG0419C2001585 | J8: N/A | K8: PROPIO | L8: OFICIAL | M8: SERVICIO | N8: 9817137 | O8: 14500000 | P8: 9800000
A9: 7 | B9: VEHÍCULO | C9: CAMIONETA SUV | D9: TOYOTA FORTUNER | E9: 10/12/2014 | F9: 2015 | G9: OSB167 | H9: 1KDU603312 | I9: MHFYZ59G6F4011032 | J9: M01 | K9: PROPIO | L9: OFICIAL | M9: SERVICIO | N9: 9008172 | O9: 148265560 | P9: 130300000
A10: 8 | B10: VEHÍCULO | C10: AMBULANCIA | D10: TOYOTA LAND CRUISER | E10: 31/10/2006 | F10: 2006 | G10: OSA783 | H10: 1FZ0663447 | I10: 8XA31UJ7969502885 | J10: M19 | K10: PROPIO | L10: OFICIAL | M10: SERVICIO | N10: 9006070 | O10: 128484719 | P10: 96000000
A11: 9 | B11: VEHÍCULO | C11: CAMIONETA DOBLECABINA | D11: NISSAN FRONTIER | E11: 05/12/2018 | F11: 2019 | G11: OKZ295 | H11: YD25690358P | I11: 3N6CD33BOZK399141 | J11: M28 | K11: PROPIO | L11: OFICIAL | M11: SERVICIO | N11: 6421069 | O11: 131059441 | P11: 109100000
A12: 10 | B12: VEHÍCULO | C12: CAMIONETA DOBLECABINA | D12: NISSAN FRONTIER | E12: 05/12/2018 | F12: 2019 | G12: OKZ287 | H12: YD25690431P | I12: 3N6CD33BOZK399124 | J12: M29 | K12: PROPIO | L12: OFICIAL | M12: SERVICIO | N12: 6421069 | O12: 131059441 | P12: 109100000
A13: 11 | B13: VEHÍCULO | C13: CAMIONETA DOBLECABINA | D13: NISSAN FRONTIER | E13: 05/12/2018 | F13: 2019 | G13: OKZ293 | H13: YD25691091P | I13: 3N6CD33B4ZK399577 | J13: M30 | K13: PROPIO | L13: OFICIAL | M13: SERVICIO | N13: 6421069 | O13: 131059441 | P13: 109100000
M14: VALOR TOTAL | O14: =SUM(O3:O13) -> 756928602 | P14: =SUM(P3:P13) -> 612400000
A15: CHASIS - MAQUINARIA
A16: No. | B16: TIPO DE VEHÍCULO | C16: TIPO DE CARROCERIA | D16: MARCA | E16: FECHA MATRICULA | F16: AÑO | G16: PLACA | H16: No. MOTOR | I16: No. CHASIS | J16: No. INTERNO | K16: PROPIO / TERCERO / CONTRATADO | L16: TIPO DE SERVICIO | M16: ESTADO | N16: CODIGO FASECOLDA | O16: VALOR INVENTARIO DE REFERENCIA | P16: VALOR FASECOLDA
A17: 1 | B17: VEHÍCULO | C17: MAQUINA CONTRAINCENDIO | D17: INTERNATIONAL 7400 DT530 | E17: 31/10/2006 | F17: 2006 | G17: OSA784 | H17: 531HM2U1483429 | I17: 1HTWCADR56J308321 | J17: M20 | K17: PROPIO | L17: OFICIAL | M17: SERVICIO | N17: 3604022 | O17: 1214687407 | P17: 176900000
A18: 2 | B18: VEHÍCULO | C18: MAQUINA CONTRAINCENDIO | D18: KENWORTH | E18: 19/11/2008 | F18: 2008 | G18: OSA840 | H18: 531HM2U1483429 | I18: 247876 | J18: M21 | K18: PROPIO | L18: OFICIAL | M18: SERVICIO | N18: 4404008 | O18: 952818017 | P18: 153200000 | Q18: PARA LOS VEHÍCULOS QUE TENGAN MAQUINARIA O EQUIPOS INCORPORADOS, EL CHASIS SE ASEGURARÁ EN LA PÓLIZA DE AUTOMÓVILES, Y LOS EQUIPOS Y LA MAQUINARIA INCORPORADOS, EN LA PÓLIZA DE EQUIPO Y MAQUINARIA MÓVIL. SERÁ RECHAZADA LA PROPUESTA QUE NO SE AJUSTE A ESTA DISTRIBUCIÓN. EL VALOR ASEGURADO DEL CHASIS CORRESPONDERÁ AL VALOR DE LA GUÍA DE VALORES DE FASECOLDA VIGENTE. EL VALOR ASEGURADO DE LA MAQUINARIA Y LOS EQUIPOS INCORPORADOS SERÁ LA DIFERENCIA ENTRE EL VALOR TOTAL SUMINISTRADO POR LA ENTIDAD PARA CADA VEHÍCULO Y EL VALOR FASECOLDA DEL CHASIS
A19: 3 | B19: VEHÍCULO | C19: MAQUINA CONTRAINCENDIO | D19: FREIGHTLINER | E19: 19/03/2010 | F19: 2010 | G19: OSA865 | H19: 90698000692175M | I19: 1FVACYCS3ADAR2732 | J19: M22 | K19: PROPIO | L19: OFICIAL | M19: SERVICIO | N19: 2904081 | O19: 1978434593 | P19: 137200000
A20: 4 | B20: VEHÍCULO | C20: MAQUINA CONTRAINCENDIO | D20: INTERNATIONAL 4400 | E20: 31/12/2013 | F20: 2014 | G20: OSB106 | H20: 531HM2U1604334 | I20: 3HAMKADR7EL771393 | J20: M23 | K20: PROPIO | L20: OFICIAL | M20: SERVICIO | N20: 3611094 | O20: 968492598 | P20: 273400000
A21: 5 | B21: VEHÍCULO | C21: MAQUINA CONTRAINCENDIO | D21: INTERNATIONAL 4400 | E21: 20/01/2014 | F21: 2014 | G21: OSB105 | H21: 531HM2U1604335 | I21: 3HAMKADRXEL771498 | J21: M24 | K21: PROPIO | L21: OFICIAL | M21: SERVICIO | N21: 3611094 | O21: 1323119951 | P21: 273400000
A22: 6 | B22: VEHÍCULO | C22: MAQUINA CONTRAINCENDIO | D22: FORD F550 | E22: 31/12/2013 | F22: 2013 | G22: OSB107 | H22: DEB83266 | I22: 1FD0W5HT9DEB83266 | J22: M25 | K22: PROPIO | L22: OFICIAL | M22: SERVICIO | N22: 3020088 | O22: 603082107 | P22: 97700000
A23: 7 | B23: VEHÍCULO | C23: MAQUINA ESCALERA | D23: SCANIA - ROSEMBAUER | E23: 03/01/2019 | F23: 2019 | G23: OKZ300 | H23: 7098071 | I23: YS2P4X200K2151188 | J23: M27 | K23: PROPIO | L23: OFICIAL | M23: SERVICIO | N23: 9704514 | O23: 6824604549 | P23: 1077000000
A24: 8 | B24: VEHÍCULO | C24: CARRO TANQUE | D24: FREIGHTLINER | E24: No tiene | F24: 2003 | G24: N/A | H24: 906980OO2907 | I24: 3ALHBXCS63TL92999 | J24: M18 | K24: PROPIO | L24: N/A | M24: SERVICIO | N24: 5801085 | O24: 1317925705 | P24: 46100000
A25: 9 | B25: VEHÍCULO | C25: CARRO TANQUE | D25: INTERNATIONAL 7600 SBA | E25: 30/10/2014 | F25: 2015 | G25: OSB164 | H25: 35326826 | I25: 3HTWYAHT1FN652698 | J25: M26 | K25: PROPIO | L25: OFICIAL | M25: SERVICIO | N25: 3604087 | O25: 918001322 | P25: 213700000
A26: 10 | B26: VEHÍCULO | C26: CARRO TANQUE | D26: INTERNATIONAL | E26: 44937 | F26: 2024 | G26: GDU534 | H26: 99134116 | I26: 3HAEKTAT4RL788593 | J26: M31 | K26: PROPIO | L26: OFICIAL | M26: SERVICIO | N26: 3610118 | O26: 1762086096 | P26: 488200000
A27: 11 | B27: VEHÍCULO | C27: CONTRAINCENDIO 1000 GL | D27: INTERNATIONAL | E27: 45471 | F27: 2025 | G27: NON694 | H27: 99217729 | I27: 3HAEJTAR2SL256451 | J27: M32 | K27: PROPIO | L27: OFICIAL | M27: SERVICIO | N27: 3610119 | O27: 2003557000 | P27: 714600000
A28: 12 | B28: VEHÍCULO | C28: COMANDO Y RESCATE | D28: INTERNATIONAL | E28: 45471 | F28: 2025 | G28: NON695 | H28: 992199698 | I28: 3HAEJTAR6SL256453 | J28: M33 | K28: PROPIO | L28: OFICIAL | M28: SERVICIO | N28: 3610119 | O28: 1585170000 | P28: 714600000
M29: VALOR TOTAL | O29: =SUM(O17:O28) -> 21451979345 | P29: =SUM(P17:P28) -> 4366000000
C32: ES IMPORTANTE ACLARAR QUE EL INVENTARIO PODRA SER ADJUSTADO DE ACUERDO A LAS POLÍTICAS DE SUSCRIPCIÓN DE LAS COMPAÑIAS DE SEGUROS INTERESADAS EN EL PROCESO, SIEMPRE QUE TODOS LOS ELEMENTOS DEL INVENTARIO QUEDEN ASEGURADOS. | N32: TOTAL FASECOLDA | P32: =+P14+P29 -> 4978400000
C36: LOS VALORES ASEGURADOS CORRESPONDEN A LA GUÍA DE VALORES DE FASECOLDA PARA EL MES EN CURSO
C39: PARA LOS VEHÍCULOS QUE TENGAN INCORPORADO MAQUINARIA, SE ACLARA QUE EL CHASIS SE TENDRA ASEGURADO POR LA PÓLIZA DE AUTOMÓVILES Y LOS EQUIPOS Y MAQUINARIA VAN AMPARADOS POR LA PÓLIZA DE EQUIPO Y MAQUINARIA MOVIL, SO PENA DE RECHAZO DE LA PROPUESTA. LOS VALORES ASEGURADOS SERAN BAJO VALOR FASECOLDA PARA LOS VEHICULOS, LA MAQUINARIA SEGÚN EL VALOR SUMINISTRADO POR LA ENTIDAD DE ACUERDO AL AVALÚO ANEXO.

Sheet MAQUINARIA SOBRE CHASIS
A1: MAQUINARIA SOBRE CHASIS.
A3: No. | B3: TIPO DE VEHÍCULO | C3: TIPO DE CARROCERIA | D3: MARCA | E3: FECHA MATRICULA | F3: AÑO | G3: PLACA | H3: No. MOTOR | I3: No. CHASIS | J3: No. INTERNO | K3: PROPIO / TERCERO / CONTRATADO | L3: TIPO DE SERVICIO | M3: ESTADO | N3: CODIGO FASECOLDA | O3: VALOR AVALÚO | P3: VALOR FASECOLDA | Q3: VALOR ASEGURABLE MAQUINARIA MOVIL
A4: 1 | B4: VEHÍCULO | C4: MAQUINA CONTRAINCENDIO | D4: INTERNATIONAL 7400 DT530 | E4: 31/10/2006 | F4: 2006 | G4: OSA784 | H4: 531HM2U1483429 | I4: 1HTWCADR56J308321 | J4: M20 | K4: PROPIO | L4: OFICIAL | M4: SERVICIO | N4: 3604022 | O4: 1214687407 | P4: 176900000 | Q4: =O4-P4 -> 1037787407
A5: 2 | B5: VEHÍCULO | C5: MAQUINA CONTRAINCENDIO | D5: KENWORTH | E5: 19/11/2008 | F5: 2008 | G5: OSA840 | H5: 531HM2U1483429 | I5: 247876 | J5: M21 | K5: PROPIO | L5: OFICIAL | M5: SERVICIO | N5: 4404008 | O5: 952818017 | P5: 153200000 | Q5: =O5-P5 -> 799618017
A6: 3 | B6: VEHÍCULO | C6: MAQUINA CONTRAINCENDIO | D6: FREIGHTLINER | E6: 19/03/2010 | F6: 2010 | G6: OSA865 | H6: 90698000692175M | I6: 1FVACYCS3ADAR2732 | J6: M22 | K6: PROPIO | L6: OFICIAL | M6: SERVICIO | N6: 2904081 | O6: 1978434593 | P6: 137200000 | Q6: =O6-P6 -> 1841234593
A7: 4 | B7: VEHÍCULO | C7: MAQUINA CONTRAINCENDIO | D7: INTERNATIONAL 4400 | E7: 31/12/2013 | F7: 2014 | G7: OSB106 | H7: 531HM2U1604334 | I7: 3HAMKADR7EL771393 | J7: M23 | K7: PROPIO | L7: OFICIAL | M7: SERVICIO | N7: 3611094 | O7: 968492598 | P7: 273400000 | Q7: =O7-P7 -> 695092598
A8: 5 | B8: VEHÍCULO | C8: MAQUINA CONTRAINCENDIO | D8: INTERNATIONAL 4400 | E8: 20/01/2014 | F8: 2014 | G8: OSB105 | H8: 531HM2U1604335 | I8: 3HAMKADRXEL771498 | J8: M24 | K8: PROPIO | L8: OFICIAL | M8: SERVICIO | N8: 3611094 | O8: 1323119951 | P8: 273400000 | Q8: =O8-P8 -> 1049719951
A9: 6 | B9: VEHÍCULO | C9: MAQUINA CONTRAINCENDIO | D9: FORD F550 | E9: 31/12/2013 | F9: 2013 | G9: OSB107 | H9: DEB83266 | I9: 1FD0W5HT9DEB83266 | J9: M25 | K9: PROPIO | L9: OFICIAL | M9: SERVICIO | N9: 3020088 | O9: 603082107 | P9: 97900000 | Q9: =O9-P9 -> 505182107
A10: 7 | B10: VEHÍCULO | C10: MAQUINA ESCALERA | D10: SCANIA - ROSEMBAUER | E10: 03/01/2019 | F10: 2019 | G10: OKZ300 | H10: 7098071 | I10: YS2P4X200K2151188 | J10: M27 | K10: PROPIO | L10: OFICIAL | M10: SERVICIO | N10: 9704514 | O10: 6824604549 | P10: 1077000000 | Q10: =O10-P10 -> 5747604549
A11: 8 | B11: VEHÍCULO | C11: CARRO TANQUE | D11: FREIGHTLINER | E11: No tiene | F11: 2003 | G11: N/A | H11: 906980OO2907 | I11: 3ALHBXCS63TL92999 | J11: M18 | K11: PROPIO | L11: N/A | M11: SERVICIO | N11: 5801085 | O11: 1317925705 | P11: 46100000 | Q11: =O11-P11 -> 1271825705
A12: 9 | B12: VEHÍCULO | C12: CARRO TANQUE | D12: INTERNATIONAL 7600 SBA | E12: 30/10/2014 | F12: 2015 | G12: OSB164 | H12: 35326826 | I12: 3HTWYAHT1FN652698 | J12: M26 | K12: PROPIO | L12: OFICIAL | M12: SERVICIO | N12: 3604087 | O12: 918001322 | P12: 213700000 | Q12: =O12-P12 -> 704301322
A13: 10 | B13: VEHÍCULO | C13: CARRO TANQUE | D13: INTERNATIONAL | E13: 44937 | F13: 2024 | G13: GDU534 | H13: 99134116 | I13: 3HAEKTAT4RL788593 | J13: M31 | K13: PROPIO | L13: OFICIAL | M13: SERVICIO | N13: 3610118 | O13: 1762086096 | P13: 488200000 | Q13: =O13-P13 -> 1273886096
A14: 11 | B14: VEHÍCULO | C14: CONTRAINCENDIO 1000 GL | D14: INTERNATIONAL | E14: 45471 | F14: 2025 | G14: NON694 | H14: 99217729 | I14: 3HAEJTAR2SL256451 | J14: M32 | K14: PROPIO | L14: OFICIAL | M14: SERVICIO | N14: 3610119 | O14: 2003557000 | P14: 752200000 | Q14: =O14-P14 -> 1251357000
A15: 12 | B15: VEHÍCULO | C15: COMANDO Y RESCATE | D15: INTERNATIONAL | E15: 45472 | F15: 2025 | G15: NON695 | H15: 992199698 | I15: 3HAEJTAR6SL256453 | J15: M33 | K15: PROPIO | L15: OFICIAL | M15: SERVICIO | N15: 3610119 | O15: 1585170000 | P15: 752200000 | Q15: =O15-P15 -> 832970000
O16: =SUM(O4:O15) -> 21451979345 | P16: =SUM(P4:P15) -> 4441400000
N17: TOTAL MAQUINARIA | Q17: =SUM(Q4:Q15) -> 17010579345
C18: PARA LOS VEHICULOS QUE TENGAN INCORPORADO MAQUINARIA, SE ACLARA QUE EL CHASIS SE TENDRA ASEGURADO POR LA PÓLIZA DE AUTOMÓVILES Y LOS EQUIPOS Y MAQUINARIA VAN AMPARADOS POR LA PÓLIZA DE EQUIPO Y MAQUINARIA MOVIL, SO PENA DE RECHAZO DE LA PROPUESTA. LOS VALORES ASEGURADOS SERAN BAJO VALOR FASECOLDA PARA LOS VEHÍCULOS, LA MAQUINARIA SEGÚN EL VALOR SUMINISTRADO POR LA ENTIDAD.
N19: TOTAL MAQUINARIA | P19: =O16-P16 -> 17010579345
C24: ES IMPORTANTE ACLARAR QUE EL INVENTARIO PODRA SER ADJUSTADO DE ACUERDO A LAS POLÍTICAS DE SUSCRIPCIÓN DE LAS COMPAÑIAS DE SEGUROS INTERESADAS EN EL PROCESO, SIEMPRE QUE TODOS LOS ELEMENTOS DEL INVENTARIO QUEDEN ASEGURADOS.

Sheet INMUEBLES
A1: BOMBEROS DE BUCARAMANGA
A2: NIT: 00800022620 - 3
A4: CUENTA | B4: NOMBRE | C4: CODIGO | D4: CALCOMANIA | E4: DESCRIPCION | F4: FECHA | G4: VALOR AVALÚO | H4: LOTES NO ASEGURABLES (VALOR DE REFERENCIA) | I4: DEPENDENCIA
A5: 16400103 | B5: EDIFICIOS Y CASAS | C5: 003572 | D5: 3-06-ABE003 | E5: EDIFICIO SEDE ADM. ESTACION CENTRAL | F5: 2001-12-01 | G5: 4088444440 | H5: 0 | I5: ESTACION CENTRAL
A6: 16050101 | B6: URBANOS (No asegurable) | C6: 003575 | D6: 3-10-ABT001 | E6: TERRENO CHIMITA | F6: 2015-11-30 | G6: 0 | H6: 511280000 | I6: SUBESTACION CHIMITA
A7: 16050103 | B7: DONACION TERRENOS MUNICIPIO (No asegurable) | C7: 003576 | D7: 3-10-ABT002 | E7: TERRENO SEDE ADM. ESTACION CENTRAL - DONACION MUNICIPIO | F7: 2015-11-30 | G7: 0 | H7: 4407481330 | I7: ESTACION CENTRAL
A8: 16050104 | B8: LOTE MUTUALIDAD (No asegurable) | C8: 003577 | D8: 3-10-ABT003 | E8: TERRENO MUTUALIDAD | F8: 2015-11-30 | G8: 0 | H8: 1418580000 | I8: SUBESTACION MUTUALIDAD
A9: 16400101 | B9: SUBESTACION PROVENZA | C9: 003570 | D9: 3-06-ABE001 | E9: SUBESTACION PROVENZA | F9: 2001-10-01 | G9: 224065704 | H9: 0 | I9: SUBESTACION PROVENZA
A10: 16400102 | B10: SUBESTACION CHIMITA | C10: 003571 | D10: 3-06-ABE002 | E10: SUBESTACION CHIMITA | F10: 2001-10-01 | G10: 765285463 | H10: 0 | I10: SUBESTACION CHIMITA
A11: 16400105 | B11: EDIFICIOS Y CASAS | C11: 003574 | D11: 3-06-ABE005 | E11: SUBESTACION MUTUALIDAD | F11: 2022-12-30 | G11: 1286482622 | H11: 0 | I11: SUBESTACION MUTUALDAD
A12: 16400104 | B12: EDIFICIOS Y CASAS | C12: 003573 | D12: 3-06-ABE004 | E12: ESTACION CENTRAL FASE III | F12: 2022-12-30 | G12: 36376017 | H12: 0 | I12: ESTACION CENTRAL
B13: COMODATO (No asegurable) | E13: TERRENO PROVINCIA DE SOTO II | G13: 0 | H13: 1378463625 | I13: BIENES EN CUSTODIA
B14: COMODATO | E14: ESTACIÓN PROVINCIA DE SOTO II | G14: 210519000 | H14: 0 | I14: BIENES EN CUSTODIA
F15: TOTAL | G15: =SUM(G5:G14) -> 6611173246
A16: DIRECCIÓN INMUEBLES
A17: 1.Sede administrativa: Calle 44 No. 10 - 13 Comuna 15
A18: 2.Estación Central: Carrera 11 No. 43-50.
A19: 3.Estación Provenza: 105 24 Impar Calle 105 24 Par Carrera 24 105
A20: 4.Estación Chimitá: Manzana H Parque Industrial de Bucaramanga. Vía Palenque café Madrid.
A21: 5.Estación La Mutualidad: Lote 1 ó Calle 13 # 20-73 Ó Carrera 21 # 11-66
A22: 6.Calle 73 No 4W-66 Ó Cesión Tipo A 2 Urbanización Provincia de Soto II
A24: ES IMPORTANTE ACLARAR QUE EL INVENTARIO PODRÁ SER AJUSTADO DE ACUERDO A LAS POLÍTICAS DE SUSCRIPCIÓN DE LAS COMPAÑIAS DE SEGUROS INTERESADAS EN EL PROCESO, SIEMPRE QUE TODOS LOS ELEMENTOS DEL INVENTARIO QUEDEN ASEGURADOS.
A28: NOTA: DENTRO DEL INVENTARIO SE ENCUENTRA CATALOGADO COMO LOTE O TERRENO, PERO YA ESTÁN EDIFICADAS Y EL VALOR CORRESPONDIENTE ES EL VALOR ASEGURADO QUE SE RELACIONA EN LA INFORMACIÓN.

Sheet EQUIPO ELECTRICO Y ELECTRONICO
A1: BOMBEROS DE BUCARAMANGA
A3: Nombre | B3: Calcomanía | C3: Descripción | D3: Fecha adquisición | E3: Valor inicial | F3: Dependencia
A4: EQUIPO DE COMPUTACION | B4: 2-24-A4004 | C4: DISCO DURO PARA SERVIDOR PROLIANT DL360 GEN9 DE 2.4 TB SAS 12G ENTERPRISE 10K, SFF 2.5? + INSTALACIÓN | D4: 2019-11-20 | E4: 2380000 | F4: SISTEMAS | G4: EQUIPO ELECTRICO Y ELECTRONICO
A5: EQUIPO DE COMPUTACION | B5: 2-24-A4005 | C5: MEMORIA RAM PARA SERVIDOR PROLIANT DL360 GEN9, 32G(1X32GB) DUAL RANK X4 DDR4-2400 + INSTALACIÓN | D5: 2019-11-20 | E5: 2677500 | F5: SISTEMAS | G5: EQUIPO ELECTRICO Y ELECTRONICO
A6: EQUIPO DE COMPUTACION | B6: 2-24-A4006 | C6: MEMORIA RAM PARA SERVIDOR PROLIANT DL360 GEN9, 32G(1X32GB) DUAL RANK X4 DDR4-2400 + INSTALACIÓN | D6: 2019-11-20 | E6: 2677500 | F6: SISTEMAS | G6: EQUIPO ELECTRICO Y ELECTRONICO
A7: EQUIPO DE COMPUTACION | B7: 2-24-A4007 | C7: MEMORIA RAM PARA SERVIDOR PROLIANT DL360 GEN9, 32G(1X32GB) DUAL RANK X4 DDR4-2400 + INSTALACIÓN | D7: 2019-11-20 | E7: 2677500 | F7: SISTEMAS | G7: EQUIPO ELECTRICO Y ELECTRONICO
A8: EQUIPO DE COMPUTACION | B8: 2-24-A4008 | C8: DISCO DURO PARA SERVIDOR PROLIANT ML350P GEN8, 1.2 TB 6G, SATA 7.2K, SFF 2.5? + INSTALACIÓN. | D8: 2019-11-20 | E8: 1071000 | F8: SISTEMAS | G8: EQUIPO ELECTRICO Y ELECTRONICO
A9: EQUIPO DE COMPUTACION | B9: 2-24-A4070 | C9: IMPRESORA EPSON L6490 MULTIFUNCIONAL DUPLEX | D9: 2021-12-02 | E9: 2558500 | F9: RECEPCION DOCUMENTAL | G9: EQUIPO ELECTRICO Y ELECTRONICO
A10: EQUIPO DE COMPUTACION | B10: 2-24-A4071 | C10: IMPRESORA EPSON L6490 MULTIFUNCIONAL DUPLEX | D10: 2021-12-02 | E10: 2558500 | F10: SECRETARIA DIRECCION GENERAL | G10: EQUIPO ELECTRICO Y ELECTRONICO
A11: EQUIPO DE COMPUTACION | B11: 2-24-A4072 | C11: IMPRESORA EPSON L6490 MULTIFUNCIONAL DUPLEX | D11: 2021-12-02 | E11: 2558500 | F11: OFICINA ASESORA JURIDICA | G11: EQUIPO ELECTRICO Y ELECTRONICO
A12: EQUIPO DE COMPUTACION | B12: 2-24-A4073 | C12: IMPRESORA EPSON L6490 MULTIFUNCIONAL DUPLEX | D12: 2021-12-02 | E12: 2558500 | F12: DIRECCION ADMINISTRATIVA Y FINANCIERA | G12: EQUIPO ELECTRICO Y ELECTRONICO
A13: EQUIPO DE COMPUTACION | B13: 2-24-A4074 | C13: DISCO DURO SEAGATE IRONWOLF NAS 4TB | D13: 2021-12-02 | E13: 821100 | F13: SISTEMAS | G13: EQUIPO ELECTRICO Y ELECTRONICO
A14: EQUIPO DE COMPUTACION | B14: 2-24-A4075 | C14: DISCO DURO SEAGATE IRONWOLF NAS 4TB | D14: 2021-12-02 | E14: 821100 | F14: SISTEMAS | G14: EQUIPO ELECTRICO Y ELECTRONICO
A15: EQUIPO DE COMPUTACION | B15: 2-24-A4076 | C15: DISCO DURO SEAGATE IRONWOLF NAS 4TB | D15: 2021-12-02 | E15: 821100 | F15: SISTEMAS | G15: EQUIPO ELECTRICO Y ELECTRONICO
... A210: EQUIPO DE COMPUTACION | B210: 2-24-A4002 | C210: COMPUTADOR DE ESCRITORIO MARCA DELL VOSTRO 3470 S/N 80L40W2 | D210: 2019-11-20 | E210: 4641000.2 | F210: SISTEMAS | G210: MUEBLES Y ENSERES
E212: =SUM(E4:E211) -> 1.3746777e+09

Sheet BIENES TENENCIA CUIDADO CONTROL
A1: BOMBEROS DE BUCARAMANGA
A2: NIT: 00800022620 - 3
A4: CUENTA | B4: CODIGO | C4: NOMBRE | D4: CALCOMANIA | E4: DESCRIPCION | F4: FECHA | G4: VALOR INICIAL | H4: DEPENDENCIA
A5: 2312 | B5: 99150201 | C5: BIENES RECIBIDOS EN CUSTODIA | D5: 2-28-A4379 | E5: PRENSA CON CAPACIDAD DE 1/2 HASTA 2" PARA GAS COMODATO | F5: 2022-12-30 | G5: 500000 | H5: ESTACION CENTRAL - MAQUINARIA Y EQUIPOS
A6: 2313 | B6: 99150201 | C6: BIENES RECIBIDOS EN CUSTODIA | D6: 2-28-A4380 | E6: PRENSA CON CAPACIDAD DE 1/2 HASTA 2" PARA GAS COMODATO | F6: 2022-12-30 | G6: 500000 | H6: SUBESTACION MUTUALIDAD - EQUIPOS
A7: 2314 | B7: 99150201 | C7: BIENES RECIBIDOS EN CUSTODIA | D7: 2-28-A4381 | E7: PRENSA CON CAPACIDAD DE 1/2 HASTA 2" PARA GAS COMODATO | F7: 2022-12-30 | G7: 500000 | H7: SUBESTACION CHIMITA -EQUIPOS
A8: 2315 | B8: 99150201 | C8: BIENES RECIBIDOS EN CUSTODIA | D8: 2-28-A4382 | E8: PRENSA CON CAPACIDAD DE 1/2 HASTA 2" PARA GAS COMODATO | F8: 2022-12-30 | G8: 500000 | H8: SUBESTACION PROVENZA - EQUIPOS
A9: 2316 | B9: 99150201 | C9: BIENES RECIBIDOS EN CUSTODIA | D9: 2-28-A4377 | E9: DETECTOR MULTIGAS ALTAIR 4XR S/N 274266 | F9: 2022-12-30 | G9: 1500000 | H9: ESTACION CENTRAL - MAQUINARIA Y EQUIPOS
A10: 2317 | B10: 99150201 | C10: BIENES RECIBIDOS EN CUSTODIA | D10: 2-28-A4378 | E10: DETECTOR MULTIGAS ALTAIR 4XR S/N 274271 | F10: 2022-12-30 | G10: 1500000 | H10: SUBESTACION MUTUALIDAD - EQUIPOS
A11: 2318 | B11: 99150201 | C11: BIENES RECIBIDOS EN CUSTODIA | D11: 2-28-A4603 | E11: DETECTOR MULTIGAS ALTAIR 4XR S/N 290263 | F11: 2023-09-29 | G11: 1500000 | H11: ESTACION CENTRAL - MAQUINARIA Y EQUIPOS
A12: 2319 | B12: 99150201 | C12: BIENES RECIBIDOS EN CUSTODIA | D12: 2-28-A4604 | E12: DETECTOR MULTIGAS ALTAIR 4XR S/N 290258 | F12: 2023-09-29 | G12: 1500000 | H12: SUBESTACION CHIMITA -EQUIPOS
A13: 1 | C13: TERRESTRE | D13: 2-13-A1538 | E13: MOTOCICLETA YAHAMA DT125 - FJG59A | F13: 38407 | G13: 4900000 | H13: MOTOCICLETA YAHAMA DT125 - FJG59A | I13: BIENES EN DESUSO - FUERA DE SERVICIO - VALOR TOMADO DE LA ULTIMA ACTA DE ADJUDICACIÓN
A14: 2 | C14: TERRESTRE | D14: 2-13-A1539 | E14: MOTOCICLETA SUZUKI TS125 - FFT68A | F14: 36873 | G14: 640000 | H14: MOTOCICLETA SUZUKI TS125 - FFT68A | I14: BIENES EN DESUSO - FUERA DE SERVICIO - VALOR TOMADO DE LA ULTIMA ACTA DE ADJUDICACIÓN
A15: 3 | C15: TERRESTRE | D15: 2-13-A1540 | E15: MAQUINA CONTRAINCENDIO - MITSUBISHI MMC20 - M13 | F15: 37566 | G15: 10000000 | H15: M13 - MAQUINA CONTRAINCENDIO - MITSUBISHI MMC20 | I15: BIENES EN DESUSO - FUERA DE SERVICIO - DONACIÓN AL MUNICIPIO DE BUCARAMANGA
F16: TOTAL | G16: =SUM(G5:G15) -> 23540000

Sheet MUEBLES Y ENSERES
A1: BOMBEROS DE BUCARAMANGA
A2: NIT: 00800022620 - 3
A4: Nombre | B4: Calcomanía | C4: Descripción | D4: Fecha adquisición | E4: Valor inicial | F4: Dependencia
A5: MUEBLES Y ENSERES | B5: 2-18-A0029 | C5: GABINETE PARA SERVIDOR DE 6 PIES ALTO VOLUMEN | D5: 2010-07-27 | E5: 5845745 | F5: SISTEMAS | G5: MUEBLES Y ENSERES
A6: MUEBLES Y ENSERES | B6: 2-18-A0101 | C6: CAJA SEGURIDAD h:0.54 FRENTE:0.48 FONDO: | D6: 1995-03-29 | E6: 816357 | F6: DIRECCION ADMINISTRATIVA Y FINANCIERA | G6: MUEBLES Y ENSERES
A7: MUEBLES Y ENSERES | B7: 2-18-A0121 | C7: MODULO GAVETERO X 2 CAJONES IMPRESORA | D7: 2004-10-20 | E7: 473487 | F7: ARCHIVO CENTRAL | G7: MUEBLES Y ENSERES
A8: MUEBLES Y ENSERES | B8: 2-18-A0134 | C8: PAPELERA DE MESA | D8: 2013-12-16 | E8: 49300 | F8: SECRETARIA DIRECCION GENERAL | G8: MUEBLES Y ENSERES
A9: MUEBLES Y ENSERES | B9: 2-18-A0183 | C9: AVISO EN ALUMINIO"BOMBEROS BUCARAMANGA"Y | D9: 1997-03-29 | E9: 2666191 | F9: DESPACHO ALMACEN GENERAL | G9: MUEBLES Y ENSERES
A10: MUEBLES Y ENSERES | B10: 2-18-A0193 | C10: ATRIL EN MADERA | D10: 2003-12-12 | E10: 502374 | F10: DIRECCION GENERAL | G10: MUEBLES Y ENSERES
A11: MUEBLES Y ENSERES | B11: 2-18-A0279 | C11: PUESTO DE TRABAJO EN MADERA | D11: 2003-09-25 | E11: 2394124 | F11: OFICINA SINDICATO | G11: MUEBLES Y ENSERES
A12: MUEBLES Y ENSERES | B12: 2-18-A0305 | C12: TABLONES DE 2 X 40 EN MADERA | D12: 2001-05-31 | E12: 2197891 | F12: ARCHIVO HISTORICO - PROVENZA | G12: MUEBLES Y ENSERES
A13: MUEBLES Y ENSERES | B13: 2-18-A0307 | C13: TABLONES DE 2 X 40 EN MADERA | D13: 2001-05-31 | E13: 2197891 | F13: ARCHIVO HISTORICO - PROVENZA | G13: MUEBLES Y ENSERES
A14: MUEBLES Y ENSERES | B14: 2-18-A0310 | C14: TABLONES DE 2 X 40 EN MADERA | D14: 2001-05-31 | E14: 2197891 | F14: ARCHIVO HISTORICO - PROVENZA | G14: MUEBLES Y ENSERES
A15: MUEBLES Y ENSERES | B15: 2-18-A0311 | C15: TABLONES DE 2 X 40 EN MADERA | D15: 2001-05-31 | E15: 2197891 | F15: ARCHIVO HISTORICO - PROVENZA | G15: MUEBLES Y ENSERES
A16: MUEBLES Y ENSERES | B16: 2-18-A0417 | C16: MUEBLE EN MADERA ARCHIVADOR CUATRO | D16: 1995-03-29 | E16: 1334430 | F16: OFICINA SINDICATO | G16: MUEBLES Y ENSERES
... A531: TERRESTRE | B531: 2-13-A4708 | C531: SISTEMA DE VENTILACION BLOW HARD S/N Q1-355004 | D531: 2023-12-19 | E531: 36373153 | F531: SUBESTACION CHIMITA -EQUIPOS | G531: MUEBLES Y ENSERES
E533: =SUM(E5:E532) -> 1.0994709e+09

Sheet DRONES EN VUELO Y BODEGA
A1: BOMBEROS DE BUCARAMANGA
A2: NIT: 00800022620 - 3
A4: Nombre | B4: Calcomanía | C4: Descripción | D4: Fecha adquisición | E4: Valor inicial | F4: Dependencia
A5: EQUIPO DE COMUNICACION | B5: 2-07-A4269 | C5: GS-DRON DJI AIR 2S COMBO SMART CONTROLLER | D5: 2022-06-13 | E5: 13179250 | F5: AREA DE OPERACIONES | G5: AREA DE OPERACIONES
A6: EQUIPO DE COMUNICACION | B6: 2-07-A4270 | C6: GS-DRON DJI AIR 2S COMBO SMART CONTROLLER | D6: 2022-06-13 | E6: 13179250 | F6: AREA DE OPERACIONES | G6: AREA DE OPERACIONES
E8: =SUM(E5:E7) -> 26358500

Sheet BOTE Y MOTOR
A1: Nombre | B1: Calcomanía | C1: Descripción | D1: Fecha adquisición | E1: Valor inicial | F1: Dependencia
A2: OTRA MAQUINARIA Y EQUIPO | B2: 2-27-A4600 | C2: BOTE SALVAMENTO A MOTOR PISO ROLL UP ENROLLABLE. INCLUYE: BOMBA DE INFLADO Y TULA DE EMPAQUE | D2: 2023-09-22 | E2: 21017066 | F2: ESTACION CENTRAL - EQUIPOS DE BUCEO | G2: EQUIPO DE BUCEO
A3: OTRA MAQUINARIA Y EQUIPO | B3: 2-27-A4601 | C3: MOTOR FUERA DE BORDA PARA BOTE DE RESCATE MARCA SUZUKI MODELO DF20A S/N 02002F-250181 | D3: 2023-09-22 | E3: 22260600 | F3: ESTACION CENTRAL - EQUIPOS DE BUCEO | G3: EQUIPO DE BUCEO
E5: =SUM(E2:E4) -> 43277666

Sheet MAQUINARIA Y EQUIPO PORTATIL
A1: BOMBEROS DE BUCARAMANGA
A2: NIT: 00800022620 - 3
A4: Nombre | B4: Calcomanía | C4: Descripción | D4: Fecha adquisición | E4: Valor inicial | F4: Dependencia
A5: BIENES RECIBIDOS EN CUSTODIA | B5: 2-28-A4379 | C5: PRENSA CON CAPACIDAD DE 1/2 HASTA 2" PARA GAS COMODATO | D5: 2022-12-30 | E5: 500000 | F5: ESTACION CENTRAL - MAQUINARIA Y EQUIPOS | G5: MAQUINARIA Y EQUIPO PORTATIL
A6: BIENES RECIBIDOS EN CUSTODIA | B6: 2-28-A4380 | C6: PRENSA CON CAPACIDAD DE 1/2 HASTA 2" PARA GAS COMODATO | D6: 2022-12-30 | E6: 500000 | F6: SUBESTACION MUTUALIDAD - EQUIPOS | G6: MAQUINARIA Y EQUIPO PORTATIL
A7: BIENES RECIBIDOS EN CUSTODIA | B7: 2-28-A4381 | C7: PRENSA CON CAPACIDAD DE 1/2 HASTA 2" PARA GAS COMODATO | D7: 2022-12-30 | E7: 500000 | F7: SUBESTACION CHIMITA -EQUIPOS | G7: MAQUINARIA Y EQUIPO PORTATIL
A8: BIENES RECIBIDOS EN CUSTODIA | B8: 2-28-A4382 | C8: PRENSA CON CAPACIDAD DE 1/2 HASTA 2" PARA GAS COMODATO | D8: 2022-12-30 | E8: 500000 | F8: SUBESTACION PROVENZA - EQUIPOS | G8: MAQUINARIA Y EQUIPO PORTATIL
A9: BIENES RECIBIDOS EN CUSTODIA | B9: 2-28-A4377 | C9: DETECTOR MULTIGAS ALTAIR 4XR S/N 274266 | D9: 2022-12-30 | E9: 1500000 | F9: ESTACION CENTRAL - MAQUINARIA Y EQUIPOS | G9: MAQUINARIA Y EQUIPO PORTATIL
A10: BIENES RECIBIDOS EN CUSTODIA | B10: 2-28-A4378 | C10: DETECTOR MULTIGAS ALTAIR 4XR S/N 274271 | D10: 2022-12-30 | E10: 1500000 | F10: SUBESTACION MUTUALIDAD - EQUIPOS | G10: MAQUINARIA Y EQUIPO PORTATIL
A11: BIENES RECIBIDOS EN CUSTODIA | B11: 2-28-A4603 | C11: DETECTOR MULTIGAS ALTAIR 4XR S/N 290263 | D11: 2023-09-29 | E11: 1500000 | F11: ESTACION CENTRAL - MAQUINARIA Y EQUIPOS | G11: MAQUINARIA Y EQUIPO PORTATIL
A12: BIENES RECIBIDOS EN CUSTODIA | B12: 2-28-A4604 | C12: DETECTOR MULTIGAS ALTAIR 4XR S/N 290258 | D12: 2023-09-29 | E12: 1500000 | F12: SUBESTACION CHIMITA -EQUIPOS | G12: MAQUINARIA Y EQUIPO PORTATIL
A13: EQUIPO DE COMUNICACION | B13: 2-07-A4152 | C13: TORRE 10 M AUTOSOPOTADA EN FORMA TRIANGULAR DE 3 SESIONES. | D13: 2021-12-28 | E13: 11266243 | F13: COMUNICACIONES | G13: MAQUINARIA Y EQUIPO PORTATIL
A14: HERRAMIENTAS Y ACCESORIOS | B14: 2-14-A0010 | C14: CILINDRO AIRE AUTOCONTENIDO LUXFER | D14: 1995-03-29 | E14: 1036340 | F14: ESTACION CENTRAL - EQUIPOS DE AIRE AUTOCONTENIDO | G14: MAQUINARIA Y EQUIPO PORTATIL
A15: HERRAMIENTAS Y ACCESORIOS | B15: 2-14-A0237 | C15: TALADRO ELECTRICO DE 1/2" 110V | D15: 1995-03-29 | E15: 307637 | F15: ESTACION CENTRAL - MAQUINARIA Y EQUIPOS | G15: MAQUINARIA Y EQUIPO PORTATIL
A16: HERRAMIENTAS Y ACCESORIOS | B16: 2-14-A0290 | C16: SOPORTE PARA PERTIGAS | D16: 2013-12-19 | E16: 111626 | F16: M25 - MAQUINA CONTRAINCENDIO FORD F550 - OSB107 | G16: MAQUINARIA Y EQUIPO PORTATIL
... A722: HERRAMIENTAS Y ACCESORIOS | B722: 2-14-A3843 | C722: HERRAMIENTA COMBINADA LUKAS | D722: 2015-12-30 | E722: 102492000 | F722: SUBESTACION CHIMITA -EQUIPOS | G722: MAQUINARIA Y EQUIPO PORTATIL
A723: HERRAMIENTAS Y ACCESORIOS | C723: HERRAMIENTA SEPARADOR MARCA LUKAS, BATERIA Y CARGADOR | E723: 98900000 | G723: MAQUINARIA Y EQUIPO PORTATIL
A724: HERRAMIENTAS Y ACCESORIOS | C724: HERRAMIENTA COMBINADA MARCA LUKAS, BATERIA Y CARGADOR | E724: 101279270 | G724: MAQUINARIA Y EQUIPO PORTATIL
A725: HERRAMIENTAS Y ACCESORIOS | B725: 2-14-A3844 | C725: RAM LUKAS | D725: 2015-12-30 | E725: 66175200 | F725: SUBESTACION PROVENZA - EQUIPOS | G725: MAQUINARIA Y EQUIPO PORTATIL
A726: HERRAMIENTAS Y ACCESORIOS | B726: 2-14-A3845 | C726: RAM LUKAS | D726: 2015-12-30 | E726: 66175200 | F726: M33 - VEHICULO COMANDO Y RESCATE INTERNAT | G726: MAQUINARIA Y EQUIPO PORTATIL
A727: HERRAMIENTAS Y ACCESORIOS | B727: 2-14-A3846 | C727: RAM LUKAS | D727: 2015-12-30 | E727: 66175200 | F727: SUBESTACION MUTUALIDAD - EQUIPOS | G727: MAQUINARIA Y EQUIPO PORTATIL
A728: HERRAMIENTAS Y ACCESORIOS | B728: 2-14-A3847 | C728: RAM LUKAS | D728: 2015-12-30 | E728: 66175200 | F728: SUBESTACION CHIMITA -EQUIPOS | G728: MAQUINARIA Y EQUIPO PORTATIL
A729: HERRAMIENTAS Y ACCESORIOS | B729: 2-14-A3848 | C729: CARGADOR BATERIA 110VOLTIOS | D729: 2015-12-30 | E729: 4960800 | F729: SUBESTACION PROVENZA - EQUIPOS | G729: MAQUINARIA Y EQUIPO PORTATIL
A730: HERRAMIENTAS Y ACCESORIOS | B730: 2-14-A3849 | C730: CARGADOR BATERIA 110VOLTIOS | D730: 2015-12-30 | E730: 4960800 | F730: SUBESTACION PROVENZA - EQUIPOS | G730: MAQUINARIA Y EQUIPO PORTATIL
A731: HERRAMIENTAS Y ACCESORIOS | B731: 2-14-A3850 | C731: CARGADOR BATERIA 110VOLTIOS | D731: 2015-12-30 | E731: 4960800 | F731: SUBESTACION PROVENZA - EQUIPOS | G731: MAQUINARIA Y EQUIPO PORTATIL
A732: HERRAMIENTAS Y ACCESORIOS | B732: 2-14-A3851 | C732: CARGADOR BATERIA 110 VOLTIOS | D732: 2015-12-30 | E732: 4960800 | F732: M33 - VEHICULO COMANDO Y RESCATE INTERNAT | G732: MAQUINARIA Y EQUIPO PORTATIL
A733: HERRAMIENTAS Y ACCESORIOS | B733: 2-14-A3852 | C733: CARGADOR BATERIA 110 VOLTIOS | D733: 2015-12-30 | E733: 4960800 | F733: M33 - VEHICULO COMANDO Y RESCATE INTERNAT | G733: MAQUINARIA Y EQUIPO PORTATIL
A734: HERRAMIENTAS Y ACCESORIOS | B734: 2-14-A3853 | C734: CARGADOR BATERIA 110 VOLTIOS | D734: 2015-12-30 | E734: 4960800 | F734: M33 - VEHICULO COMANDO Y RESCATE INTERNAT | G734: MAQUINARIA Y EQUIPO PORTATIL
A735: HERRAMIENTAS Y ACCESORIOS | B735: 2-14-A3854 | C735: CARGADOR BATERIA 110 VOLTIOS | D735: 2015-12-30 | E735: 4960800 | F735: M33 - VEHICULO COMANDO Y RESCATE INTERNAT | G735: MAQUINARIA Y EQUIPO PORTATIL
A736: HERRAMIENTAS Y ACCESORIOS | B736: 2-14-A3855 | C736: CARGADOR BATERIA 110 VOLTIOS | D736: 2015-12-30 | E736: 4960800 | F736: SUBESTACION MUTUALIDAD - EQUIPOS | G736: MAQUINARIA Y EQUIPO PORTATIL
... A1040: MUEBLES Y ENSERES | B1040: 2-18-A2079 | C1040: PANEL DIVISOR PISO TECHO CON PUERTA PARA CORRESPONDENCIA | D1040: 2013-12-16 | E1040: 9465687 | F1040: RECEPCION DOCUMENTAL | G1040: MAQUINARIA Y EQUIPO PORTATIL
E1042: =SUM(E5:E1041) -> 6.6064174e+09

Sheet EQUIPO MOVIL Y PORTATIL
A1: Nombre | B1: Calcomanía | C1: Descripción | D1: Fecha adquisición | E1: Valor inicial | F1: Dependencia
A2: EQUIPO DE COMPUTACION | B2: 2-24-A4056 | C2: COMPUTADOR PORTATIL MARCA HP ZBOOK POWER 15" | D2: 2021-07-13 | E2: 8151500 | F2: SECRETARIA DIRECCION GENERAL | G2: EQUIPO MOVIL Y PORTATIL
A3: EQUIPO DE COMPUTACION | B3: 2-24-A4164 | C3: COMPUTADOR PORTATIL MARCA HP ZBOOK 14" | D3: 2022-01-21 | E3: 8139288 | F3: BODEGA ALMACEN GENERAL | G3: EQUIPO MOVIL Y PORTATIL
A4: EQUIPO DE COMUNICACION | B4: 2-07-A0027_2 | C4: RADIOTELEFONO DIGITAL MOTOROLA DGP6150 S/N 037TKJ3660 | D4: 2010-02-03 | E4: 2112023 | F4: SUBESTACION CHIMITA - GUARDIA | G4: EQUIPO MOVIL Y PORTATIL
A5: EQUIPO DE COMUNICACION | B5: 2-07-A0028_1 | C5: RADIOTELEFONO DIGITAL MOTOROLA DGP6150 S/N 037TKQ659 | D5: 2010-02-03 | E5: 2112023 | F5: AREA DE OPERACIONES | G5: EQUIPO MOVIL Y PORTATIL
A6: EQUIPO DE COMUNICACION | B6: 2-07-A0031 | C6: ROUTER DE 4 PUERTOS CLASE N 2 ANTENAS TP-LINK | D6: 2010-07-27 | E6: 1300971 | F6: SISTEMAS | G6: EQUIPO MOVIL Y PORTATIL
A7: EQUIPO DE COMUNICACION | B7: 2-07-A0045_1 | C7: RADIOTELEFONO PORTATIL DGP 8550E VHF 16 CH871TT | D7: 2017-12-19 | E7: 3307000 | F7: BODEGA ALMACEN GENERAL | G7: EQUIPO MOVIL Y PORTATIL
A8: EQUIPO DE COMUNICACION | B8: 2-07-A0098_2 | C8: RADIOTELEFONO DIGITAL MOTOROLA DGM8000 S/N 511IQC0160 | D8: 2010-04-27 | E8: 4868980 | F8: BODEGA ALMACEN GENERAL | G8: EQUIPO MOVIL Y PORTATIL
A9: EQUIPO DE COMUNICACION | B9: 2-07-A0104 | C9: RADIOTELEFONO DIGITAL MOTOROLA DGM4100 S/N 563TJN1639 | D9: 2010-02-03 | E9: 2720535 | F9: M28 - CAMIONETA NISSAN FRONTIER - OKZ295 | G9: EQUIPO MOVIL Y PORTATIL
A10: EQUIPO DE COMUNICACION | B10: 2-07-A0106 | C10: RADIOTELEFONO DIGITAL MOTOROLA DGM6100 S/N 038TKE0618 | D10: 2010-02-03 | E10: 5552112 | F10: BODEGA ALMACEN GENERAL | G10: EQUIPO MOVIL Y PORTATIL
A11: EQUIPO DE COMUNICACION | B11: 2-07-A0109 | C11: RADIOTELEFONO MOVIL DIGITAL ANALOGO MOTOROLA DGM8000 | D11: 2010-02-03 | E11: 5552112 | F11: M26 - CARRO TANQUE INTERNATIONAL - OSB164 | G11: EQUIPO MOVIL Y PORTATIL
A12: EQUIPO DE COMUNICACION | B12: 2-07-A0174 | C12: RADIOTELEFONO PORTATIL MOTOROLA DGP 8550E VHF 16 CH871TS | D12: 2017-12-19 | E12: 3307000 | F12: ESTACION CENTRAL - GUARDIA | G12: EQUIPO MOVIL Y PORTATIL
A13: EQUIPO DE COMUNICACION | B13: 2-07-A0179 | C13: RADIOTELEFONO PORTATIL MOTOROLA DGP 8550E VHF 16 CH 871T | D13: 2017-12-19 | E13: 3307000 | F13: INSPECTOR | G13: EQUIPO MOVIL Y PORTATIL
... A88: EQUIPO DE COMUNICACION | B88: 2-07-A4774 | C88: MONITOR Z24N G3 DE 24" | D88: 2025-06-16 | E88: 2576112 | F88: ESTACION CENTRAL - GUARDIA | G88: EQUIPO MOVIL Y PORTATIL
E90: =SUM(E2:E89) -> 2.9496862e+08

Sheet SOFTWARE Y LICENCIAS
A1: BOMBEROS DE BUCARAMANGA
A2: NIT: 00800022620 - 3
A4: Nombre | B4: Calcomanía | C4: Descripción | D4: Fecha adquisición | E4: Valor inicial | F4: Dependencia
A5: LICENCIAS | B5: 2-25-A4121 | C5: LICENCIA OFFICCE 2019 | D5: 2021-12-27 | E5: 930000 | F5: SOFTWARE Y LINCENCIAS
A6: LICENCIAS | B6: 2-25-A4122 | C6: LICENCIA OFFICCE 2019 | D6: 2021-12-27 | E6: 930000 | F6: SOFTWARE Y LINCENCIAS
A7: LICENCIAS | B7: 2-25-A4123 | C7: LICENCIA OFFICCE 2019 | D7: 2021-12-27 | E7: 930000 | F7: SOFTWARE Y LINCENCIAS
A8: LICENCIAS | B8: 2-25-A4124 | C8: LICENCIA OFFICCE 2019 | D8: 2021-12-27 | E8: 930000 | F8: SOFTWARE Y LINCENCIAS
A9: LICENCIAS | B9: 2-25-A4125 | C9: LICENCIA OFFICCE 2019 | D9: 2021-12-27 | E9: 930000 | F9: SOFTWARE Y LINCENCIAS
A10: LICENCIAS | B10: 2-25-A4126 | C10: LICENCIA OFFICCE 2019 | D10: 2021-12-27 | E10: 930000 | F10: SOFTWARE Y LINCENCIAS
A11: LICENCIAS | B11: 2-25-A4127 | C11: LICENCIA OFFICCE 2019 | D11: 2021-12-27 | E11: 930000 | F11: SOFTWARE Y LINCENCIAS
A12: LICENCIAS | B12: 2-25-A4128 | C12: LICENCIA OFFICCE 2019 | D12: 2021-12-27 | E12: 930000 | F12: SOFTWARE Y LINCENCIAS
A13: LICENCIAS | B13: 2-25-A4129 | C13: LICENCIA OFFICCE 2019 | D13: 2021-12-27 | E13: 930000 | F13: SOFTWARE Y LINCENCIAS
A14: LICENCIAS | B14: 2-25-A4130 | C14: LICENCIA OFFICCE 2019 | D14: 2021-12-27 | E14: 930000 | F14: SOFTWARE Y LINCENCIAS
A15: LICENCIAS | B15: 2-25-A4131 | C15: LICENCIA OFFICCE 2019 | D15: 2021-12-27 | E15: 930000 | F15: SOFTWARE Y LINCENCIAS
A16: LICENCIAS | B16: 2-25-A4132 | C16: LICENCIA OFFICCE 2019 | D16: 2021-12-27 | E16: 930000 | F16: SOFTWARE Y LINCENCIAS
... A59: SOFTWARES | B59: 2-29-A4759 | C59: SOFTWARE DE GESTION ADMINISTRATIVA GD | D59: 2023-12-29 | E59: 51500000 | F59: SOFTWARE Y LINCENCIAS
E61: =SUM(E5:E60) -> 5.0565881e+08

Sheet BIENES EN DES - USO
A1: Nombre | B1: Calcomanía | C1: Descripción | D1: Fecha adquisición | E1: Valor inicial | F1: Dependencia
A2: TERRESTRE | B2: 2-13-A0777 | C2: MOTOCICLETA SUZUKI AX100 - ZZA41 | D2: 2000-05-30 | E2: 1643728 | F2: FUERA DE SERVICIO | G2: BIENES EN DES USO
A3: TERRESTRE | B3: 2-13-A1593 | C3: VEHICULO GRUA CHEVROLET C30 OS0824 - M14 | D3: 2000-05-30 | E3: 3259666 | F3: M14 - GRUA CHEVROLET C30 - OS0824 | G3: BIENES EN DES USO
A4: TERRESTRE | B4: 2-13-A1812 | C4: VEHICULO UNIDAD DE RESCATE FORD F350 OSA785 - M05 (TARJETA DE PROPIEDAD ORIGINAL) | D4: 2001-03-29 | E4: 76160448 | F4: M05 - UNIDAD DE RESCATE FORD F350 - OSA785 | G4: BIENES EN DES USO
A5: TERRESTRE | B5: 2-13-A2352 | C5: MOTOCICLETA SUZUKI AX100 - ZZE25 | D5: 2002-10-30 | E5: 1847550 | F5: FUERA DE SERVICIO | G5: BIENES EN DES USO
A6: EQUIPO DE COMUNICACION | B6: 2-07-A0078 | C6: RADIOTELEFONO PORTATIL DGP 8550E VHF 16 CH871TT | D6: 2017-12-19 | E6: 3307000 | F6: BODEGA DE BAJAS | G6: BIENES EN DES USO
A7: EQUIPO DE COMUNICACION | B7: 2-07-A0079 | C7: RADIOTELÉFONO DIGITAL MOTOROLA DGM6100 S/N 563TJN1607 | D7: 1997-03-29 | E7: 3053661 | F7: BODEGA DE BAJAS | G7: BIENES EN DES USO
A8: EQUIPO DE COMUNICACION | B8: 2-07-A0085 | C8: REPETIDORA ANALOGA MOTOROLA GR500 | D8: 1997-03-29 | E8: 4620467 | F8: BODEGA DE BAJAS | G8: BIENES EN DES USO
A9: EQUIPO DE COMUNICACION | B9: 2-07-A0108_2 | C9: RADIOTELEFONO DIGITAL MOTOROLA DGP6150 S/N 037TKQ6592 | D9: 2010-02-03 | E9: 2112023 | F9: BODEGA DE BAJAS | G9: BIENES EN DES USO
A10: EQUIPO DE COMUNICACION | B10: 2-07-A0185 | C10: RADIOTELEFONO PORTATIL MOTOROLA DGP 8550E VHF 16 CH871TS | D10: 2017-12-19 | E10: 3307000 | F10: BODEGA DE BAJAS | G10: BIENES EN DES USO
A11: EQUIPO DE COMUNICACION | B11: 2-07-A0289 | C11: IMPRESORA HP P2015 LASER | D11: 2007-02-15 | E11: 2060944 | F11: BODEGA DE BAJAS | G11: BIENES EN DES USO
A12: EQUIPO DE COMUNICACION | B12: 2-07-A0334 | C12: RADIOTELEFONO PORTATIL MOTOROLA DGP 8550E VHF 16 CH871TT | D12: 2017-12-19 | E12: 3307000 | F12: BODEGA DE BAJAS | G12: BIENES EN DES USO
A13: EQUIPO DE COMUNICACION | B13: 2-07-A0335 | C13: RADIOTELEFONO PORTATIL MOTOROLA DGP 8550E VHF 16 CH 871T | D13: 2017-12-19 | E13: 3307000 | F13: BODEGA DE BAJAS | G13: BIENES EN DES USO
... A84: OTRA MAQUINARIA Y EQUIPO | B84: 2-27-A4267 | C84: TRAJES DE RESCATE 2022 | D84: 2022-06-07 | E84: 4800000 | F84: BODEGA DE BAJAS | G84: BIENES EN DES USO
E86: =SUM(E2:E85) -> 3.4007657e+08

Sheet CONSUMO CONTROLADO
A1: BOMBEROS DE BUCARAMANGA
A2: Nit 00800022620 - 3
A3: Inventarios Consumo Controlado - 2025
A5: Calcomanía | B5: Descripción | C5: Fecha de adquisición | D5: Valor | E5: Nombre dependencia
A6: 4-06-A0014 | B6: BATERIA DE OLLAS | C6: 44412 | D6: 1 | E6: SUBESTACION CHIMITA - CAFETERIA
A7: 4-06-A0015 | B7: OLLA A PRESION | C7: 44412 | D7: 1 | E7: SUBESTACION MUTUALIDAD - CAFETERIA
A8: 4-06-A0019 | B8: JARRA CHOCOLATERA | C8: 44412 | D8: 1 | E8: SUBESTACION PROVENZA - CAFETERIA
A9: 4-06-A0020 | B9: OLLA ARROCERA | C9: 44412 | D9: 1 | E9: SUBESTACION MUTUALIDAD - CAFETERIA
A10: 4-06-A0021_1 | B10: JARRA CHOCOLATERA | C10: 44412 | D10: 1 | E10: SUBESTACION CHIMITA - CAFETERIA
A11: 4-06-A0022 | B11: BATERIA DE OLLAS | C11: 44412 | D11: 1 | E11: ESTACION CENTRAL - CAFETERIA
A12: 4-06-A0022_1 | B12: JARRA CHOCOLATERA | C12: 44412 | D12: 1 | E12: SUBESTACION MUTUALIDAD - CAFETERIA
A13: 4-06-A0024 | B13: JARRA CHOCOLATERA | C13: 44412 | D13: 1 | E13: ESTACION CENTRAL - CAFETERIA
A14: 4-06-A0024_1 | B14: OLLA A PRESION | C14: 44412 | D14: 1 | E14: ESTACION CENTRAL - CAFETERIA
A15: 4-06-A0051 | B15: BANDEJA EN ACERO INOXIDABLE | C15: 35518 | D15: 1 | E15: SEDE ADMINISTRATIVA - CAFETERIA
A16: 4-06-A0188 | B16: BATERIA OLLAS | C16: 44412 | D16: 1 | E16: SUBESTACION MUTUALIDAD - CAFETERIA
A17: 4-06-A0190 | B17: LICUADORA CLASICA | C17: 39873 | D17: 1 | E17: SUBESTACION MUTUALIDAD - CAFETERIA
... A2350: 4-20-A05239 | B2350: TRAJE ESTRUCTURAL: CHAQUETA FIREFLEX Y55 PBI Y PANTALON FIREFLEX X55 PBI ESTRUCTURAL. INCLUYE: IRS ARNÉS IRS PARA FIREFLEX | C2350: 46199 | D2350: 17500000 | E2350: BODEGA ALMACEN GENERAL
D2352: 5065000000
B2354: Nota: Los valores de los elementos relacionados son de referencia. El valor asegurado de este ítem es de cinco mil sesenta y cinco millones de pesos ($5.065.000.000) m/cte., suministrado por la Entidad. En caso de siniestro, los elementos se indemnizarán bajo la modalidad de valor de reposición a nuevo, hasta concurrencia del valor asegurado asignado a este ítem."
